 Dungeon Crawl Stone Soup version 0.19.4 (console) character file.

150 Kloppie the Covered (level 5, -1/46 HPs)
             Began as a Minotaur Fighter on Feb 3, 2017.
             Slain by Kloppie's ghost (8 damage)
             ... on level 3 of the Dungeon.
             The game lasted 00:03:06 (2503 turns).

Kloppie the Covered (Minotaur Fighter)              Turns: 2503, Time: 00:03:07

Health: -1/46      AC: 11    Str: 26    XL:     5   Next: 10%
Magic:  4/4        EV:  6    Int:  5    God:
Gold:   115        SH: 10    Dex: 10    Spells: 0 memorised, 4 levels left

rFire  . . .     SeeInvis .     a - +0 war axe
rCold  . . .     Gourm    .     m - +0 chain mail
rNeg   . . .     Faith    .     c - +0 shield
rPois  .         Spirit   .     (helmet restricted)
rElec  .         Reflect  .     b - +0 cloak
rCorr  .         Harm     .     (no gloves)
MR     .....                    (no boots)
Stlth  ..........               (no amulet)
                                (no ring)
                                (no ring)

@: mighty
A: retaliatory headbutt, horns 2
a: no special abilities


You were on level 3 of the Dungeon.
You were not hungry.

You visited 1 branch of the dungeon, and saw 3 of its levels.

You collected 115 gold pieces.

Inventory:

Hand Weapons
 a - a +0 war axe (weapon)
Armour
 b - a +0 cloak (worn)
 c - a +0 shield (worn)
 m - a +0 chain mail (worn)
Jewellery
 q - an uncursed ring of ice
 s - an uncursed ring of ice
Scrolls
 h - a scroll of magic mapping
 k - a scroll of teleportation
 l - 2 scrolls of identify
 n - a scroll of remove curse
 o - a scroll of recharging
Potions
 g - a potion of cancellation
 i - a potion of magic {unknown}
 p - 2 potions of resistance {unknown}
 u - a potion of brilliance {unknown}
 v - a potion of flight {unknown}
Comestibles
 f - a bread ration
 j - 3 fruits


   Skills:
 - Level 4.0 Fighting
 + Level 4.3 Axes
 * Level 5.7 Armour
 - Level 3.6 Shields


You had 4 spell levels left.
You didn't know any spells.

Dungeon Overview and Level Annotations

Branches:
Dungeon (3/15)

Altars:
Okawaru

Annotations:
D:3 Kloppie's ghost, amateur MiFi


Innate Abilities, Weirdness & Mutations

You reflexively headbutt those who attack you in melee.
You have a pair of horns on your head.


Message History

Your shield and chain mail prevent you from hitting Kloppie's ghost.
Kloppie's ghost is lightly damaged.
Kloppie's ghost hits you.
* * * LOW HITPOINT WARNING * * *
Kloppie's ghost hits you but does no damage.
You hit Kloppie's ghost but do no damage.
Kloppie's ghost is lightly damaged.
You block Kloppie's ghost's attack.
You feel very mighty all of a sudden. Kloppie's ghost barely misses you.
You slash Kloppie's ghost! You headbutt Kloppie's ghost!
Kloppie's ghost is heavily damaged.
You block Kloppie's ghost's attack.
You slash Kloppie's ghost! You headbutt Kloppie's ghost!
Kloppie's ghost is almost destroyed.
Kloppie's ghost shrieks, "Death is your only future!"
Kloppie's ghost hits you!
* * * LOW HITPOINT WARNING * * *
Kloppie's ghost hits you!
You die...

***,*** **,,,**
#.,..,* **,,,,,*
#.*.#,***#**,,,,,,,
#.*..,,,.#*,,,,,,,,
#.#.,,,...+,,,,,,,,
#.$.,,?.,**,,,,,,,,
#..##.#*****,,,,,,,
#.....# **,,,,,*
*#@#*** **,,,** #W#
*#+### #.# #.#..
#.# ### #.#.. #.#
##.####.#..
#.######.#.##.....
#.........#.......
########...##.....
##.........


You could see Kloppie's ghost.

Vanquished Creatures
  An orc priest (D:3)
  Ijyb (D:3)
  3 adders (D:2)
  An ooze (D:2)
  A worm (D:2)
  3 leopard geckos
  2 orcs (D:3)
  A ball python (D:1)
  3 giant cockroaches
  7 goblins
  4 hobgoblins (D:1)
  9 jackals
  6 bats
  5 frilled lizards
  4 kobolds
  5 rats
56 creatures vanquished.

Notes
Turn   | Place    | Note
-------+----------+-------------------------------------------
     0 | D:1      | Kloppie the Minotaur Fighter began the quest for the Orb.
     0 | D:1      | Reached XP level 1. HP: 19/19 MP: 0/0
   264 | D:1      | Reached XP level 2. HP: 27/27 MP: 1/1
   492 | D:1      | Reached skill level 4 in Armour
  1098 | D:2      | Reached XP level 3. HP: 33/33 MP: 2/2
  1471 | D:2      | Found an iron altar of Okawaru.
  1719 | D:2      | Reached XP level 4. HP: 40/40 MP: 3/3
  1772 | D:2      | Reached skill level 5 in Armour
  1841 | D:3      | Noticed Kloppie's ghost (amateur MiFi)
  2194 | D:3      | Noticed Ijyb
  2206 | D:3      | Killed Ijyb
  2254 | D:3      | Reached XP level 5. HP: 24/46 MP: 4/4
  2503 | D:3      | Slain by Kloppie's ghost

Skill      XL: |  1  2  3  4 |
---------------+-------------+-----
Fighting       | 4 |  4.0
Armour         | 4 5 |  5.7
Axes           | 3 4 |  4.3
Shields        | |  3.6

Action                   |  1- 3 |  4- 6 || total
-------------------------+-------+-------++-------
Melee: War axe           |   145 |    63 ||   208
       Headbutt          |    13 |    13 ||    26
  Use: Scroll            |       |     8 ||     8
       Potion            |       |     1 ||     1
  Eat: Chunk             |     3 |     2 ||     5
Armor: Scale mail        |    20 |       ||    20
       Chain mail        |    73 |    29 ||   102
Dodge: Dodged            |    49 |    12 ||    61
Block: Shield            |    99 |    33 ||   132
